 Dungeon Crawl Stone Soup version 0.28.0 (webtiles) character file.

Game seed: 8959915940827249139

64 HallandMoats the Skirmisher (level 3, 29/29 HPs)
             Began as a Demonspawn Monk on Feb 6, 2022.
             Was a Believer of Vehumet.
             Got out of the dungeon alive.
             The game lasted 00:02:06 (2389 turns).

HallandMoats the Skirmisher (Demonspawn Monk)       Turns: 2389, Time: 00:02:07

Health: 29/29      AC:  9    Str: 13    XL:     3   Next: 91%
Magic:  4/4        EV: 10    Int: 11    God:    Vehumet [**....]
Gold:   44         SH:  0    Dex: 15    Spells: 2/2 levels left

rFire   . . .      SeeInvis .     - Unarmed
rCold   . . .      Faith    .   (no shield)
rNeg    . . .      Spirit   .   i - +0 scale mail
rPois   .          Reflect  .   g - +2 helmet
rElec   .          Harm     .   (no cloak)
rCorr   .          Rampage  .   (no gloves)
Will    .....                   (no boots)
Stlth   +.........              (no amulet)
HPRegen 0.09/turn               (no ring)
MPRegen 0.09/turn               (no ring)

@: no status effects
A: demonic magic 1
a: Renounce Religion


You escaped.
You worshipped Vehumet.
Vehumet was pleased with you.
You visited 1 branch of the dungeon, and saw 2 of its levels.

You collected 44 gold pieces.

Inventory:

Armour
 g - a +2 helmet (worn)
 i - a +0 scale mail (worn)
Scrolls
 b - a scroll of teleportation
 d - a scroll of holy word {unknown}
 h - a scroll of enchant weapon {unknown}
Potions
 a - 2 potions of brilliance {unknown}
 c - a potion of lignification {unknown}
 e - a potion of resistance {unknown}
 f - a potion of ambrosia {unknown}


   Skills:
 * Level 3.4 Fighting
 + Level 0.7 Armour
 + Level 2.9 Dodging
 - Level 1.7 Stealth
 * Level 3.2 Unarmed Combat
 * Level 2.4 Invocations


You had 2 spell levels left.
You didn't know any spells.
Your spell library contained the following spells:

 Spells                   Type           Power      Damage    Failure   Level
 Magic Dart               Conj           0%         1d3       86%         1
 Shock                    Conj/Air       0%         1d3       86%         1
 Swiftness                Air            0%         N/A       99%         3
 Airstrike                Air            0%         N/A       100%        4


Dungeon Overview and Level Annotations

Branches:
Dungeon (2/15)

Altars:
Vehumet

Shops:
D:2 !


Innate Abilities, Weirdness & Mutations

Spells you cast may paralyse adjacent enemies.


Message History

Press < or > to pray at altars.
(D) Dungeon
Where to? (Enter - D:2 @ (x,y), ? - help)
What level of the Dungeon? (default 1, ? - help)
A kobold comes into view. It is wielding a +0 hand axe.
The kobold shouts!
The kobold hits you but does no damage.
You hit the kobold.
You kill the kobold!
Vehumet accepts your kill.
No target in view!
No target in view!
No target in view!
No target in view!
No target in view!
No target in view!
No target in view!
No target in view!
No target in view!
No target in view!
No target in view!
No target in view!
No target in view!
No target in view!
(D) Dungeon
Where to? (Enter - D:1 @ (x,y), ? - help)
What level of the Dungeon? (default 1, ? - help)
You now have 44 gold pieces (gained 14).
Things that are here:
a +0 hand axe; a stone; a kobold corpse You see here a +0 dagger.
You see here a +0 club.
You see here a +0 leather armour.
There is a stone staircase leading up here.
You climb upwards.
There is a stone staircase leading down here.
There is an open door here.
There is a staircase leading out of the dungeon here.
Are you sure you want to leave the Dungeon?
This will make you lose the game!
You have escaped!

########.......##.#.....
#..#.....#.#.....
####..#..#..#.#.....
#.....#.......###...
###.###.#.....#####.##
#.....#.............##
#.###############'####
#..#...###...###...# #
#..#.@.....8.....8.# #
##.#...###...###...# #
#.##.## ##### ##### #
#.#...###...###...# #
###.8.....8.....8.###
#...###...###...#..
##### ##### ##.##.#
#...###...###...#.#
#.8.....8.....8.#.#


There were no monsters in sight!

Vanquished Creatures
  An adder (D:2)
  2 dart slugs
  5 endoplasms
  6 hobgoblins
  7 jackals (D:1)
  2 kobolds (D:2)
  6 quokkas
  4 ball pythons
  2 bats (D:1)
  2 frilled lizards (D:1)
  3 goblins
  5 rats
45 creatures vanquished.

Vanquished Creatures (others)
  A plant (D:1)
1 creature vanquished.

Grand Total: 46 creatures vanquished

Notes
Turn   | Place    | Note
-------+----------+-------------------------------------------
     0 | D:1      | HallandMoats the Demonspawn Monk began the quest for the
                  | Orb.
     0 | D:1      | Reached XP level 1. HP: 18/18 MP: 1/1
   213 | D:1      | Reached skill level 1 in Invocations
   215 | D:1      | Gained mutation: Spells you cast may paralyse adjacent
                  | enemies. [demonic ancestry]
   215 | D:1      | Reached XP level 2. HP: 15/24 MP: 2/2
   887 | D:1      | Reached XP level 3. HP: 29/29 MP: 4/4
  1632 | D:2      | Found Uxatidgh Toso's Distillery.
  2089 | D:2      | Found a faded altar of an unknown god.
  2167 | D:2      | Prayed at the altar of an unknown god.
  2167 | D:2      | Became a worshipper of Vehumet
  2167 | D:2      | Reached * piety under Vehumet
  2167 | D:2      | Offered knowledge of Magic Dart by Vehumet.
  2167 | D:2      | Reached ** piety under Vehumet
  2389 | D:$      | Got out of the dungeon alive.

Illustrated notes

Levels and vault maps discovered:
D:1:      minmay_arrival_nine_rooms, layout_basic, roderic_filled_cross,
          serial_bayou_lake_a
D:2:      layout_basic, serial_shops, nicolae_shop_crystal,
          ebering_ecumenical_altar_hall

Skill      XL: |  1  2  3 |
---------------+----------+-----
Invocations    | 1 2 |  2.4
Unarmed Combat | 3 |  3.2
Fighting       | |  3.4
Armour         | |  0.7
Dodging        | |  2.9
Stealth        | |  1.7

Action                   || total
-------------------------++-------
Melee: Unarmed           ||   157
  Use: Scroll            ||     1
Armor: Leather armour    ||    18
       Scale mail        ||    12
Dodge: Dodged            ||    83
